 Dungeon Crawl Stone Soup version 0.29.1-15-g9cfb28693d (webtiles) character file.

Game seed: 2189797995851198499

622 Descartes the Firebug (level 7, -11/41 HPs)
             Began as an Octopode Fire Elementalist on Apr 9, 2023.
             Was an Initiate of Dithmenos.
             Mangled by an orc warrior
             ... wielding a +0 war axe
              (21 damage)
             ... on level 5 of the Dungeon.
             The game lasted 00:17:41 (6658 turns).

Descartes the Firebug (Octopode Fire Elementalist)  Turns: 6658, Time: 00:17:42

Health: -11/41     AC:  1    Str:  7    XL:     7   Next: 46%
Magic:  12/13      EV: 13    Int: 20    God:    Dithmenos [......]
Gold:   349        SH:  0    Dex: 12    Spells: 13/14 levels left

rFire   . . .      SeeInvis .   m - +2 dagger (flame)
rCold   . . .      Faith    .   (no shield)
rNeg    . . .      Spirit   .   (helmet restricted)
rPois   +          Reflect  .   (no amulet)
rElec   .          Harm     .   q - ring of poison resistance
rCorr   .          Rampage  .   (no ring)
Will    .....                   (no ring)
Stlth   +++.......              (no ring)
HPRegen 0.13/turn               (no ring)
MPRegen 0.13/turn               (no ring)
                                (no ring)
                                (no ring)

@: no status effects
A: almost no armour, amphibious, 8 rings, camouflage 1, gelatinous body 1,
(nimble swimmer 1), tentacles
a: Renounce Religion


You were on level 5 of the Dungeon.
You worshipped Dithmenos.
Dithmenos was noncommittal.
You visited 2 branches of the dungeon, and saw 6 of its levels.

You collected 349 gold pieces.

Inventory:

Hand Weapons
 j - a +1 short sword of venom
 m - a +2 dagger of flaming (weapon)
Jewellery
 q - a ring of poison resistance (left tentacle)
 y - a ring of protection from cold
Scrolls
 b - 3 scrolls of summoning {unknown}
 h - a scroll of enchant armour {unknown}
 k - 5 scrolls of identify {unknown}
 n - 2 scrolls of poison {unknown}
 o - 2 scrolls of amnesia {unknown}
 p - 2 scrolls of acquirement {unknown}
 r - a scroll of magic mapping {unknown}
 u - 2 scrolls of teleportation {unknown}
 v - a scroll of fear {unknown}
 w - a scroll of silence {unknown}
 x - 3 scrolls of butterflies {unknown}
Potions
 a - 2 potions of magic
 c - 3 potions of heal wounds {unknown}
 d - a potion of lignification {unknown}
 e - 4 potions of curing {unknown}
 f - 2 potions of ambrosia {unknown}
 g - 3 potions of degeneration {unknown}
 i - a potion of brilliance {unknown}
 l - 4 potions of attraction {unknown}
 s - a potion of flight {unknown}
 t - 2 potions of haste
 z - a potion of might {unknown}
 A - a potion of mutation {unknown}


   Skills:
 - Level 2.0 Dodging
 + Level 3.8 Stealth
 + Level 4.2 Spellcasting
 + Level 4.2 Conjurations
 + Level 5.2 Fire Magic
 + Level 1.6 Invocations


You had 13 spell levels left.
You knew the following spells:

 Your Spells              Type           Power      Damage    Failure   Level
a - Foxfire               Conj/Fire      92%        2x1d8     1%          1

Your spell library contained the following spells:

 Spells                   Type           Power      Damage    Failure   Level
 Scorch                   Fire           50%        2d8       2%          2
 Conjure Flame            Conj/Fire      23%        6-21      5%          3
 Inner Flame              Hex/Fire       14%        N/A       13%         3
 Blink                    Tloc           8%         N/A       19%         2
 Flame Wave               Conj/Fire      23%        2d8       19%         4
 Lesser Beckoning         Tloc           4%         N/A       36%         3
 Manifold Assault         Tloc           4%         N/A       98%         5
 Storm Form               Tmut/Air       2%         N/A       100%        7


Dungeon Overview and Level Annotations

Branches:
Dungeon (5/15)             Temple (1/1) D:5

Altars:
Dithmenos
Elyvilon
Fedhas
Gozag
Kikubaaqudgha
Nemelex Xobeh
Okawaru
Qazlal
Ru
Trog
Uskayaw
Vehumet
Wu Jian
Xom
Zin
The Shining One


Innate Abilities, Weirdness & Mutations

You cannot wear most types of armour.
You are amphibious.
You can wear up to eight rings at the same time.
Your skin changes colour to match your surroundings (Stealth+).
Your rubbery body absorbs attacks. (AC +1, EV +1)
((You are camouflaged when in or above water. (Stealth+)))
You have tentacles for arms and can constrict up to eight enemies at once.


Message History

You conjure some foxfire!
Your foxfire dissipates!
Casting: Foxfire (safe; 1% risk of failure)
Confirm with . or Enter, or press ? or * to list all spells.
You conjure some foxfire!
The foxfire hits the quokka.
The quokka is heavily wounded.
Casting: Foxfire (safe; 1% risk of failure)
Confirm with . or Enter, or press ? or * to list all spells.
There is not enough space to conjure foxfire!
Unknown command.
Casting: Foxfire (safe; 1% risk of failure)
Confirm with . or Enter, or press ? or * to list all spells.
There is not enough space to conjure foxfire!
Unknown command.
You hit the quokka. You burn the quokka.
You kill the quokka!
Dithmenos accepts your kill.
Your foxfire dissipates!
You see here a +0 short sword.
An orc warrior and an orc come into view.
Casting: Foxfire (safe; 1% risk of failure)
Confirm with . or Enter, or press ? or * to list all spells.
You conjure some foxfire!
The foxfire hits the orc warrior.
The orc warrior is lightly wounded.
The orc warrior shouts!
The foxfire hits the orc warrior.
The orc warrior is moderately wounded.
You see here a +0 dagger.
The orc warrior attacks as you move away!
The orc warrior hits you with a +0 war axe!
The orc warrior attacks as you move away!
The orc warrior hits you with a +0 war axe!!
* * * LOW HITPOINT WARNING * * *
Casting: Foxfire (safe; 1% risk of failure)
Confirm with . or Enter, or press ? or * to list all spells.
You conjure some foxfire!
The orc warrior hits you with a +0 war axe!!
Ouch! That really hurt!
You die...

..# #.##..# #.# #.#
#.##..# ##.## #.#
#.##..# ##...## #.#
#.....###.....# ..#
#.##.)........# ###
#.#######.....# # #.#
##...## # #.########vv##
# #.........@.# #
#.#######.o.#
#######.### #...#
..........#####...#
#######.#.......).######
#.###............# #.#
#.##########.# #.# #.#
#####.# #.# #.# #.....#


You could see an orc warrior (ally target).

Vanquished Creatures
  A black bear (D:5)
  An ogre (D:5)
  A scorpion (D:5)
  3 howler monkeys (D:5)
  A jelly (D:4)
  An iguana (D:4)
  3 gnolls (D:5)
  8 adders
  A white imp (D:5)
  4 dart slugs
  6 orcs
  7 endoplasms
  4 giant cockroaches
  10 goblins
  11 hobgoblins
  9 kobolds
  8 quokkas
  3 ball pythons
  8 bats
  5 frilled lizards
  5 rats
100 creatures vanquished.

Vanquished Creatures (others)
  423 foxfires
  A fungus (D:1)
424 creatures vanquished.

Grand Total: 524 creatures vanquished

Notes
Turn   | Place    | Note
-------+----------+-------------------------------------------
     0 | D:1      | Descartes the Octopode Fire Elementalist began the quest
                  | for the Orb.
     0 | D:1      | Reached XP level 1. HP: 11/11 MP: 3/3
   505 | D:1      | Reached XP level 2. HP: 17/17 MP: 1/5
   841 | D:1      | Found a stormy altar of Qazlal.
  1078 | D:1      | Reached XP level 3. HP: 21/21 MP: 0/6
  1511 | D:1      | Found a faded altar of an unknown god.
  2054 | D:2      | Reached XP level 4. HP: 27/27 MP: 2/8
  2705 | D:2      | Reached skill level 4 in Fire Magic
  2916 | D:3      | Reached XP level 5. HP: 31/31 MP: 5/9
  4769 | D:4      | Noticed an ogre
  4796 | D:5      | Entered Level 5 of the Dungeon
  5000 | D:5      | Found a radiant altar of Vehumet.
  5066 | D:5      | Reached XP level 6. HP: 36/36 MP: 6/11
  5086 | D:5      | Noticed a black bear
  5092 | D:5      | Killed a black bear
  5221 | D:5      | Found a staircase to the Ecumenical Temple.
  5234 | Temple   | Entered the Ecumenical Temple
  5935 | Temple   | Became a worshipper of Dithmenos the Shadowed
  6050 | D:5      | Reached XP level 7. HP: 41/41 MP: 5/13
  6087 | D:5      | Reached skill level 5 in Fire Magic
  6087 | D:5      | Reached skill level 1 in Invocations
  6544 | D:5      | Noticed an angel
  6545 | D:5      | Found a glowing silver altar of Zin.
  6658 | D:5      | Mangled by an orc warrior

Illustrated notes

Levels and vault maps discovered:
D:1:      lightli_arrival_farm, layout_loops_ring,
          shapermc_ecumenical_altar_hornbeckon, chequers_jeans,
          minmay_hexomino_r4
D:2:      minmay_chambers_of_ones, layout_rooms
D:3:      layout_basic
D:4:      layout_loops_corners
D:5:      layout_loops_ring, general_overflow_altar, zin_angel,
          minmay_temple_entry_trees
Temple:   eino_temple_water

Skill      XL: |  1  2  3  4  5  6  7 |
---------------+----------------------+-----
Conjurations   | 2 3 4 |  4.2
Spellcasting   | 3 4 |  4.2
Fire Magic     | 4 5 |  5.2
Stealth        | 3 |  3.8
Invocations    | 1 |  1.6
Dodging        | |  2.0

Action                   |  1- 3 |  4- 6 |  7- 9 || total
-------------------------+-------+-------+-------++-------
Melee: Dagger            |     3 |     7 |     1 ||    11
       Constrict         |     1 |     3 |       ||     4
       Tentacles         |     1 |     3 |       ||     4
 Cast: Foxfire           |    80 |   161 |    28 ||   269
Armor: Skin              |     1 |     1 |       ||     2
Dodge: Dodged            |    11 |    12 |       ||    23
